 Dungeon Sprint DCSS version 0.26-a0-708-g17f3b190f9 (webtiles) character file.

Game seed: 6937005731401777790

2303 mhtbhm the Warrior (level 9, -4/172 HPs)
             Began as an Ogre Berserker on Oct 27, 2020.
             Was a High Priest of Trog.
             Slain by a 12-headed hydra (5 damage)
             ... in the Dungeon (Sprint IX: "|||||||||||||||||||||||||||||").
             The game lasted 00:01:15 (997 turns).

mhtbhm the Warrior (Ogre Berserker)                  Turns: 997, Time: 00:01:15

Health: -4/172     AC:  3    Str: 26    XL:     9   Next: 40%
Magic:  9/9        EV: 13    Int:  8    God:    Trog [*****.]
Gold:   0          SH:  0    Dex:  8    Spells: 8/8 levels left

rFire    . . .     SeeInvis .   a - +2 halberd (venom)
rCold    . . .     Faith    .   (shield currently unavailable)
rNeg     . . .     Spirit   .   b - +0 animal skin
rPois    .         Reflect  .   (helmet restricted)
rElec    .         Harm     .   (no cloak)
rCorr    .         Rampage  .   (gloves unavailable)
MR       .....     NoTele   +   (boots unavailable)
Stlth    ..........             (no amulet)
HPRegen  0.38/turn              (no ring)
MPRegen  0.11/turn              (no ring)

@: berserking, lethally poisoned (-4 -> -18), very quick
A: large, unfitting armour, tough skin 1
a: Berserk, Trog's Hand, Brothers in Arms, Renounce Religion


You were in the Dungeon.
You worshipped Trog.
Trog was extremely pleased with you.
You visited 1 branch

Inventory:

Hand Weapons
 a - a +2 halberd of venom (weapon)
Armour
 b - a +0 animal skin (worn)
Jewellery
 l - a +2 ring of evasion
 m - a +2 ring of evasion
Wands
 k - a wand of iceblast (10)
Scrolls
 h - 2 scrolls of blinking
 j - 3 scrolls of remove curse
 p - a scroll of fog
 q - 3 scrolls of fear
 r - 2 scrolls of enchant weapon
 s - 2 scrolls of enchant armour
Potions
 c - 5 potions of curing
 d - 5 potions of heal wounds
 e - 4 potions of haste
 f - 4 potions of magic
 g - 2 potions of berserk rage
 i - a potion of invisibility
 n - a potion of cancellation
 o - a potion of stabbing


   Skills:
 + Level 15.2 Fighting
 + Level 13.8 Polearms
 + Level 9.6 Dodging
 + Level 1.4 Stealth


You had 8 spell levels left.
You didn't know any spells.
Your spell library was empty.

Dungeon Overview and Level Annotations

Branches:
Dungeon (1/1)

Altars:
Cheibriados
Dithmenos
Elyvilon
Fedhas
Gozag
Hepliaklqana
Kikubaaqudgha
Makhleb
Nemelex Xobeh
Okawaru
Qazlal
Ru
Sif Muna
Trog
Uskayaw
Vehumet
Wu Jian
Xom
Yredelemnul
Zin
The Shining One
Beogh
Jiyva
Lugonu


Innate Abilities, Weirdness & Mutations

You are too large for most types of armour.
You have tough skin. (AC +1)


Message History

The ten-headed hydra bites you! The ten-headed hydra bites you.
The ten-headed hydra bites you! x2
* * * LOW HITPOINT WARNING * * *
You chop one of the ten-headed hydra's heads off!
The nine-headed hydra grows two more!
You slice the 11-headed hydra!!
The 11-headed hydra is severely wounded.
You feel sick.
You chop one of the 11-headed hydra's heads off!
The ten-headed hydra grows two more!
You impale the 12-headed hydra!!
The 12-headed hydra is almost dead.
You feel sick. The 12-headed hydra bites you!
* * * LOW HITPOINT WARNING * * *
The 12-headed hydra barely misses you. x4; The 12-headed hydra bites you!
* * * LOW HITPOINT WARNING * * *
The 12-headed hydra bites you!
* * * LOW HITPOINT WARNING * * *
The 12-headed hydra bites you.
* * * LOW HITPOINT WARNING * * *
The 12-headed hydra bites you.
You die...

▓▓▓▓▓▓▓▓▓▓▓▓▓▓▓▓▓▓▓▓▓▓▓▓
.hFlSFD@.....)..!...'...
▓▓▓▓▓▓▓▓▓▓▓▓▓▓▓▓▓▓▓▓▓▓▓▓▓▓▓▓▓▓▓▓▓
.................................
▓▓▓▓▓▓▓▓▓▓▓▓▓▓▓▓▓▓▓▓▓▓▓▓▓▓▓▓▓▓▓▓▓
____________________'.....)...))(
▓▓▓▓▓▓▓▓▓▓▓▓▓▓▓▓▓▓▓▓▓▓▓▓▓▓▓▓▓▓▓▓▓


You could see a 12-headed hydra, a polar bear, a komodo dragon, a water moccasin
and 2 bullfrogs.

Vanquished Creatures
  A boulder beetle (D)
  A black mamba (D)
  A kobold demonologist (D)
  A troll (D)
  A slime creature (D)
  A water moccasin (D)
  An orc warrior (D)
  A sky beast (D)
  2 centaurs (D)
  A scorpion (D)
  A killer bee (D)
  A howler monkey (D)
  2 hounds (D)
  A shadow imp (D)
  An orc (D)
  A bat (D)
  A bat zombie (D)
  A goblin (D)
  A hobgoblin (D)
  A jackal (D)
  A kobold (D)
  A leopard gecko zombie (D)
24 creatures vanquished.

Notes
Turn   | Place    | Note
-------+----------+-------------------------------------------
     0 | D        | mhtbhm the Ogre Berserker began the quest for the Orb.
     0 | D        | Reached XP level 1. HP: 24/24 MP: 1/1
    10 | D        | Reached ** piety under Trog
    13 | D        | Reached XP level 2. HP: 33/33 MP: 2/2
    68 | D        | Noticed a howler monkey
    68 | D        | Noticed a scorpion
    68 | D        | Noticed a centaur
    75 | D        | Killed a centaur
    75 | D        | Reached skill level 7 in Fighting
    75 | D        | Reached skill level 5 in Polearms
    75 | D        | Reached skill level 5 in Dodging
    75 | D        | Reached XP level 3. HP: 46/46 MP: 3/3
    75 | D        | Reached XP level 4. HP: 55/55 MP: 4/4
    79 | D        | Reached *** piety under Trog
    79 | D        | Reached skill level 8 in Fighting
    79 | D        | Reached XP level 5. HP: 66/66 MP: 5/5
    82 | D        | Reached skill level 9 in Fighting
   113 | D        | Found a roughly hewn altar of Beogh.
   113 | D        | Found a snail-covered altar of Cheibriados.
   113 | D        | Found a shadowy altar of Dithmenos.
   113 | D        | Found a white marble altar of Elyvilon.
   113 | D        | Found a blossoming altar of Fedhas.
   113 | D        | Found an opulent altar of Gozag.
   114 | D        | Found a hazy altar of Hepliaklqana.
   115 | D        | Found a viscous altar of Jiyva.
   116 | D        | Found an ancient bone altar of Kikubaaqudgha.
   117 | D        | Found a corrupted altar of Lugonu.
   118 | D        | Found a burning altar of Makhleb.
   119 | D        | Found a sparkling altar of Nemelex Xobeh.
   120 | D        | Found an iron altar of Okawaru.
   121 | D        | Found a stormy altar of Qazlal.
   122 | D        | Found a sacrificial altar of Ru.
   123 | D        | Found a shimmering blue altar of Sif Muna.
   124 | D        | Found a bloodstained altar of Trog.
   125 | D        | Found a hide-covered altar of Uskayaw.
   126 | D        | Found a radiant altar of Vehumet.
   127 | D        | Found an ornate altar of the Wu Jian Council.
   128 | D        | Found a shimmering altar of Xom.
   129 | D        | Found a basalt altar of Yredelemnul.
   130 | D        | Found a glowing silver altar of Zin.
   131 | D        | Found a glowing golden altar of the Shining One.
   208 | D        | Noticed a troll
   208 | D        | Noticed a centaur
   209 | D        | Reached **** piety under Trog
   213 | D        | Killed a centaur
   213 | D        | Reached skill level 10 in Fighting
   213 | D        | Reached XP level 6. HP: 78/79 MP: 6/6
   220 | D        | Killed a troll
   220 | D        | Reached skill level 11 in Fighting
   220 | D        | Reached skill level 10 in Polearms
   220 | D        | Reached XP level 7. HP: 51/89 MP: 7/7
   223 | D        | Reached skill level 12 in Fighting
   225 | D        | Reached ***** piety under Trog
   514 | D        | Noticed a kobold demonologist
   514 | D        | Noticed a boulder beetle
   514 | D        | Noticed a slime creature
   520 | D        | Killed a slime creature
   527 | D        | Killed a boulder beetle
   527 | D        | Reached skill level 14 in Fighting
   527 | D        | Reached XP level 8. HP: 32/105 MP: 8/8
   533 | D        | Reached skill level 1 in Stealth
   537 | D        | Killed a kobold demonologist
   537 | D        | Received a gift from Trog
   537 | D        | Reached XP level 9. HP: 37/114 MP: 9/9
   940 | D        | Found the +9 staff of Wucad Mu {channel}
   982 | D        | Noticed a komodo dragon
   982 | D        | Noticed an eight-headed hydra
   982 | D        | Noticed a black mamba
   988 | D        | Killed a black mamba
   988 | D        | Reached skill level 15 in Fighting
   994 | D        | Noticed a polar bear
   997 | D        | HP: 6/172 [12-headed hydra (15)]
   997 | D        | HP: 1/172 [12-headed hydra (5)]
   997 | D        | Slain by a 12-headed hydra

Illustrated notes

Levels and vault maps discovered:
D:        linesprint [early_d, line_temple, items_1, d_10, items_2, lair_1,
          lair_end, items_3, orc_1, orc_end, items_4, d_15, swamp_1, shoals_1,
          snake_1, spider_1, d_20, vaults_1, items_5, swamp_end, shoals_end,
          snake_end, spider_end, vaults_end, d_27, items_6, zot_1, zot_end,
          crypt_end, forest_end, elf_end, slime_end, tomb_end, abyss_end,
          pan_hell_end]

Skill      XL: |  1  2  3  4  5  6  7  8  9 |
---------------+----------------------------+-----
Dodging        | 3 5 6 7 9 |  9.6
Fighting       | 7 8 10 11 14 15 | 15.2
Polearms       | 5 6 8 10 12 13 | 13.8
Stealth        | 1 |  1.4

Action                   |  1- 3 |  4- 6 |  7- 9 || total
-------------------------+-------+-------+-------++-------
Melee: Spear             |    13 |    17 |       ||    30
       Halberd           |       |    11 |    46 ||    57
Invok: Berserk           |     2 |     1 |     2 ||     5
  Use: Scroll            |       |       |     1 ||     1
Armor: Animal skin       |     2 |     1 |     6 ||     9
Dodge: Dodged            |     7 |     6 |    19 ||    32

Table legend: (Time is in decaauts)
 A = Elapsed time spent in this place.
 B = Non-inter-level travel time spent in this place.
 C = Inter-level travel time spent in this place.
 D = Time resting spent in this place.
 E = Time spent auto-exploring this place.
 F = Levels seen in this place.
 G = Mean time per level.
                   A        B        C        D        E       F      G
               +--------+--------+--------+--------+--------+-----+--------+
         Total |   1018 |   1018 |      0 |    655 |     57 |   1 | 1018.0 |
       Dungeon |   1018 |   1018 |      0 |    655 |     57 |   1 | 1018.0 |
               +--------+--------+--------+--------+--------+-----+--------+

Top non-repeatable levels by time:
       D: 1018 daAuts
